 Dungeon Crawl Stone Soup version 0.20.0-15-g7f486f2 (webtiles) character file.

317 Mysteryquy the Shield-Bearer (level 6, -10/34 HPs)
             Began as a Vine Stalker Fighter on June 11, 2017.
             Mangled by an orc warrior
             ... wielding a +0 war axe
              (15 damage)
             ... on level 4 of the Dungeon.
             The game lasted 00:04:05 (2639 turns).

Mysteryquy the Shield-Bearer (Vine Stalker Fighter) Turns: 2639, Time: 00:04:06

Health: -10/34     AC:  9    Str: 18 (19) XL:     6   Next: 45%
Magic:  0/11       EV:  8    Int:  6 (8)  God:
Gold:   188        SH:  9    Dex: 14 (15) Spells: 11/11 levels left

rFire    . . .     SeeInvis .   a - +0 rapier
rCold    . . .     Gourm    .   c - +0 shield
rNeg     . . .     Faith    .   b - +0 scale mail
rPois    .         Spirit   +   (no helmet)
rElec    .         Reflect  .   (no cloak)
rCorr    .         Harm     .   n - +0 pair of gloves
MR       .....                  o - +0 pair of boots
Stlth    +.........             r - amulet of magic regeneration
Regen    0.6/turn               (no ring)
MPRegen  0.2/turn               (no ring)

@: no status effects
A: fangs 2, regeneration 1, magic shield, antimagic bite, no potion heal 3, rot
immunity
a: no special abilities


You were on level 4 of the Dungeon.
You were hungry.

You visited 1 branch of the dungeon, and saw 4 of its levels.

You collected 188 gold pieces.

Inventory:

Hand Weapons
 a - a +0 rapier (weapon)
 k - a +0 hunting sling
Armour
 b - a +0 scale mail (worn)
 c - a +0 shield (worn)
 n - a +0 pair of gloves (worn)
 o - a +0 pair of boots (worn)
Jewellery
 r - an amulet of magic regeneration (around neck)
Wands
 i - a wand of paralysis (9/24)
 u - a wand of lightning (5/15)
 v - a wand of clouds (2/9)
Scrolls
 e - 5 scrolls of identify {unknown}
 h - 4 scrolls of remove curse {unknown}
 l - a scroll of enchant weapon {unknown}
 m - 2 scrolls of teleportation {unknown}
 q - a scroll of amnesia {unknown}
Potions
 d - a potion of might
 p - a potion of invisibility {unknown}
 s - a potion of mutation {unknown}
 t - 2 potions of flight {unknown}
Comestibles
 f - 2 bread rations
 g - a royal jelly
 j - a meat ration


   Skills:
 + Level 4.3 Fighting
 + Level 4.2 Short Blades
 + Level 2.7(3.3) Slings
 + Level 2.6(3.3) Throwing
 + Level 4.1 Armour
 + Level 2.5 Dodging
 + Level 4.2 Stealth
 + Level 4.5 Shields
 + Level 2.8 Unarmed Combat
 + Level 3.0 Spellcasting


You had 11 spell levels left.
You didn't know any spells.

Dungeon Overview and Level Annotations

Branches:
Dungeon (4/15)
 Temple: D:4-7

Altars:

Shops:
D:4 %


Innate Abilities, Weirdness & Mutations

You have extremely sharp teeth.
Your natural rate of healing is unusually fast.
When hurt, damage is shared between your health and your magic reserves.
Your bite disrupts and absorbs the magic of your enemies.
Potions cannot restore your health.
You are immune to rotting.


Message History

The orc warrior closely misses you. You block the orc wizard's attack.
You hit the orc warrior but do no damage.
The orc warrior is severely wounded.
The orc wizard hits you with a dagger.
The orc warrior hits you with a war axe!!
You completely miss the orc warrior.
The orc warrior is severely wounded.
The orc wizard falters for a moment.
The orc warrior hits you with a war axe!
* * * LOW HITPOINT WARNING * * *
You closely miss the orc warrior. You bite the orc warrior.
You drain its power.
You feel invigorated.
The orc warrior is severely wounded.
The orc wizard barely misses you.
The orc warrior hits you but does no damage.
You closely miss the orc warrior.
The orc warrior is severely wounded.
You block the orc wizard's attack.
The orc warrior hits you with a war axe!
You die...

#......#.#.....## ..8
########...##...# 8.#
............#..## ...#
.##########.#..# #..$#
.#.....(..#....##oo..
.#........'...##...
.#........#...#o.#
.#........#...#o########
.#........#...(o@.......
.#........#..########...
.'........#..#
.#........#..#
.##########..#
.............#
####.........#
###########


You could see an orc warrior, an orc wizard and an orc.

Vanquished Creatures
  A phantom (D:4)
  A centaur skeleton (D:4)
  An iguana (D:4)
  4 adders
  An ooze (D:3)
  7 worms
  A leopard gecko (D:2)
  5 orcs
  2 ball pythons
  A giant cockroach (D:4)
  4 goblins
  6 hobgoblins
  A jackal (D:3)
  A quokka (D:4)
  7 bats
  2 frilled lizards
  7 kobolds
  6 rats
58 creatures vanquished.

Notes
Turn   | Place    | Note
-------+----------+-------------------------------------------
     0 | D:1      | Mysteryquy the Vine Stalker Fighter began the quest for the Orb.
     0 | D:1      | Reached XP level 1. HP: 11/11 MP: 2/2
   269 | D:1      | Reached XP level 2. HP: 16/16 MP: 3/3
  1032 | D:2      | Reached XP level 3. HP: 12/20 MP: 4/4
  1540 | D:2      | Gained mutation: Your natural rate of healing is unusually fast. [Vine Stalker growth]
  1540 | D:2      | Reached XP level 4. HP: 4/25 MP: 4/9
  1797 | D:3      | Reached XP level 5. HP: 29/29 MP: 8/10
  2413 | D:4      | Found Oboff's Food Shoppe.
  2436 | D:4      | Noticed a phantom
  2507 | D:4      | Killed a phantom
  2507 | D:4      | Reached XP level 6. HP: 20/34 MP: 11/11
  2620 | D:4      | Noticed an orc warrior
  2639 | D:4      | Mangled by an orc warrior

Skill      XL: |  1  2  3  4  5 |
---------------+----------------+-----
Shields        | 3 4 |  4.5
Fighting       | 3 4 |  4.3
Short Blades   | 2 3 4 |  4.2
Slings         | 2 |  2.7
Throwing       | 2 |  2.6
Armour         | 3 4 |  4.1
Dodging        | 2 |  2.5
Stealth        | 4 |  4.2
Unarmed Combat | 2 |  2.8
Spellcasting   | 3 |  3.0

Action                   |  1- 3 |  4- 6 || total
-------------------------+-------+-------++-------
Melee: Rapier            |    81 |   133 ||   214
       Bite              |    21 |    38 ||    59
  Use: Potion            |     4 |       ||     4
 Stab: Sleeping          |       |     1 ||     1
  Eat: Chunk             |     2 |     3 ||     5
Armor: Scale mail        |    22 |    36 ||    58
Dodge: Dodged            |    13 |    28 ||    41
Block: Shield            |    31 |    66 ||    97
